 Dungeon Crawl Stone Soup version 0.22-a0-160-gcc81d7a (webtiles) character file.

12359 Lathuz the Thaumaturge (level 11, 0/64 HPs)
             Began as a Deep Elf Fire Elementalist on Feb 10, 2018.
             Was a Priest of Vehumet.
             Slain by a yak (2 damage)
             ... on level 1 of the Lair of Beasts.
             The game lasted 00:39:33 (17291 turns).

Lathuz the Thaumaturge (DEFE)                      Turns: 17291, Time: 00:39:33

Health: 0/64       AC:  9    Str:  5    XL:     11   Next: 61%
Magic:  24/29      EV: 18    Int: 24    God:    Vehumet [***...]
Gold:   871        SH:  0    Dex: 20    Spells: 19/34 levels left

rFire    . . .     SeeInvis .   e - staff of conjuration
rCold    . . .     Gourm    .   (no shield)
rNeg     + . .     Faith    .   H - +1 robe {rN+}
rPois    .         Spirit   .   D - +2 hat
rElec    .         Reflect  .   (no cloak)
rCorr    .         Harm     .   v - +0 pair of gloves
MR       +....                  s - +2 pair of boots
Stlth    +++.......             (no amulet)
HPRegen  0.20/turn              (no ring)
MPRegen  0.21/turn              (no ring)

@: agile, about to teleport
A: no striking features
a: Renounce Religion


You were on level 1 of the Lair of Beasts.
You worshipped Vehumet.
Vehumet was most pleased with you.
You were hungry.

You visited 3 branches of the dungeon, and saw 14 of its levels.

You collected 871 gold pieces.

Inventory:

Hand Weapons
 I - a +2 dagger of chaos
Missiles
 f - 424 stones (quivered)
Armour
 s - a +2 pair of boots (worn)
 v - a +0 pair of gloves (worn)
 D - a +2 hat (worn)
 H - a +1 robe of positive energy (worn)
Magical Staves
 e - an uncursed staff of conjuration (weapon)
 G - an uncursed staff of wizardry
Jewellery
 F - the ring of Autotheism {rElec rC+, unknown}
   (You found it on level 1 of the Lair of Beasts)

   [ring of protection from cold]

   It protects you from cold.
   It insulates you from electricity.
Wands
 x - a wand of enslavement (33)
 z - a wand of polymorph (16)
 B - a wand of paralysis (14)
 E - a wand of iceblast (5)
Scrolls
 d - 4 scrolls of teleportation
 h - 3 scrolls of identify
 i - 2 scrolls of enchant weapon {unknown}
 j - a scroll of fear
 k - a scroll of blinking {unknown}
 o - 2 scrolls of remove curse
 q - 2 scrolls of amnesia {unknown}
 r - a scroll of random uselessness {unknown}
 u - a scroll of summoning {unknown}
 w - 5 scrolls of fog {unknown}
 y - a scroll of holy word {unknown}
 L - a scroll of magic mapping {unknown}
Potions
 g - 2 potions of haste
 l - a potion of magic {unknown}
 m - a potion of invisibility {unknown}
 n - a potion of flight {unknown}
 p - a potion of agility
 t - 4 potions of degeneration
 C - 3 potions of might
 J - 2 potions of brilliance
Books
 b - a book of Flames

   Spells                             Type                      Level
   a - Flame Tongue                   Conjuration/Fire             1
   b - Throw Flame                    Conjuration/Fire             2
   c - Conjure Flame                  Conjuration/Fire             3
   d - Inner Flame                    Hexes/Fire                   3
   e - Sticky Flame                   Conjuration/Fire             4
   f - Fireball                       Conjuration/Fire             5
 A - a book of Necromancy

   Spells                             Type                      Level
   a - Pain                           Necromancy                   1
   b - Animate Skeleton               Necromancy                   1
   c - Vampiric Draining              Necromancy                   3
   d - Regeneration                   Charms/Necromancy            3
   e - Animate Dead                   Necromancy                   4
Comestibles
 c - 16 rations


   Skills:
 + Level 5.5 Fighting
 - Level 2.4 Dodging
 - Level 2.4 Stealth
 + Level 12.2 Spellcasting
 + Level 12.2 Conjurations
 + Level 10.7 Fire Magic


You had 19 spell levels left.
You knew the following spells:

 Your Spells              Type           Power        Failure   Level  Hunger
a - Flame Tongue          Conj/Fire      #####        1%          1    None
b - Throw Flame           Conj/Fire      ######       1%          2    None
c - Conjure Flame         Conj/Fire      #######.     1%          3    None
d - Sticky Flame          Conj/Fire      #######.     1%          4    None
e - Fireball              Conj/Fire      #######...   1%          5    ###....


Dungeon Overview and Level Annotations

Branches:
Dungeon (11/15)            Temple (1/1) D:6            Lair (2/6) D:8
    Orc (0/2) D:11
  Swamp: Lair:2-4    Shoals: Lair:2-4     Snake: Lair:2-4    Spider: Lair:2-4

Altars:
Ashenzari
Cheibriados
Dithmenos
Fedhas
Gozag
Qazlal
Ru
Sif Muna
Uskayaw
Vehumet
Zin

Shops:
D:10 (

Portals:
Trove: D:11 (show abyssal rune of Zot)


Message History

The yak is moderately wounded.
The yak is covered in liquid flames!
The yak burns!
The yak closely misses you.
The yak barely misses you. x2; The yak gores you!
* * * LOW HITPOINT WARNING * * *
Casting: Sticky Flame (safe; 1% risk of failure)
Confirm with . or Enter, or press ? or * to list all spells.
Aiming: Flame Tongue (safe; 1% risk of failure)
Press: ? - help, Shift-Dir - straight line, f/p - yak
Aim: a yak (moderately wounded, covered in liquid flames)
You feel a surge of power!
The flame tongue hits the yak.
The yak is heavily wounded.
The yak burns!
The yak barely misses you. The yak gores you but does no damage.
The yak gores you!
* * * LOW HITPOINT WARNING * * *
The yak closely misses you.
It was a potion of agility.
You feel agile all of a sudden.
The yak burns!
The yak misses you. The yak barely misses you. The yak gores you.
You die...

# #P..⌠.....⌠..>..⌠.....⌠#......
# #.............................
#####.###...###....##...##.#.....
........#...####.#.##...#........
.........#...####..#...#.........
...............####....#.......##
.#.###....##....⌠.....#........##
#### #....###...YY..#......#.^.#
# #....# ###Y@Y##.......+...# #
###....#########........#...#
####.#............#........#...##
..................#####..##......
.................................
.................................
#####P#.#########################
#####


You could see 4 yaks.

Vanquished Creatures
  Gastronok (D:10)
  Erolcha (D:10)
  Erica (D:9)
  An unseen horror (D:10)
  Pikel (D:6)
  A cyclops (D:11)
  Psyche (D:10)
  2 spiny frogs (Lair:1)
  A komodo dragon (Lair:1)
  2 trolls
  3 hornets
  2 hippogriffs
  Sigmund (D:6)
  3 yaks
  A basilisk (Lair:1)
  2 porcupines
  4 orc warriors
  2 black bears
  A sky beast (D:6)
  5 phantoms
  2 slaves (D:6)
  6 ogres
  2 centaurs
  A crocodile (Lair:1)
  3 big kobolds
  7 bullfrogs
  A wyvern zombie (D:7)
  4 scorpions
  10 killer bees
  An electric eel (D:11)
  5 howler monkeys
  4 jellies
  4 hounds
  6 orc wizards
  A centaur zombie (D:6)
  6 orc priests
  2 bullfrog skeletons
  A centaur skeleton (D:4)
  3 iguanas
  3 worker ants
  A hound zombie (D:11)
  3 hound skeletons
  2 worker ant zombies
  6 gnolls
  9 adders
  3 shadow imps
  6 oozes
  2 worms
  5 dart slugs
  2 leopard geckos
  43 orcs
  2 ball pythons
  5 giant cockroaches
  16 goblins
  10 hobgoblins
  8 jackals
  7 quokkas
  7 bats
  2 frilled lizards
  20 kobolds
  A quokka zombie (D:5)
  8 rats
276 creatures vanquished.

Vanquished Creatures (others)
  6 fungi (D:8)
6 creatures vanquished.

Grand Total: 282 creatures vanquished

Notes
Turn   | Place    | Note
-------+----------+-------------------------------------------
     0 | D:1      | Lathuz the Deep Elf Fire Elementalist began the quest for the Orb.
     0 | D:1      | Reached XP level 1. HP: 10/10 MP: 6/6
   403 | D:1      | Reached XP level 2. HP: 15/15 MP: 6/8
   444 | D:1      | Learned a level 2 spell: Throw Flame
  1514 | D:2      | Reached XP level 3. HP: 19/19 MP: 2/10
  1653 | D:2      | Learned a level 3 spell: Conjure Flame
  2572 | D:2      | Reached XP level 4. HP: 19/24 MP: 4/11
  2633 | D:2      | Learned a level 4 spell: Sticky Flame
  2969 | D:3      | Noticed Sigmund
  3616 | D:3      | Found a stormy altar of Qazlal.
  4086 | D:4      | Reached XP level 5. HP: 28/28 MP: 8/13
  4219 | D:4      | Found a shadowy altar of Dithmenos.
  4219 | D:4      | Noticed a phantom
  4233 | D:4      | Killed a phantom
  4385 | D:4      | Reached XP level 6. HP: 32/32 MP: 8/15
  4529 | D:4      | Reached skill level 5 in Spellcasting
  4542 | D:4      | Reached skill level 5 in Conjurations
  4732 | D:4      | Reached skill level 5 in Fire Magic
  5101 | D:4      | Reached XP level 7. HP: 36/36 MP: 9/17
  5157 | D:4      | Learned a level 5 spell: Fireball
  5298 | D:5      | Entered Level 5 of the Dungeon
  6830 | D:6      | Found an opulent altar of Gozag.
  6856 | D:6      | Reached XP level 8. HP: 41/41 MP: 7/20
  6908 | D:6      | Killed Sigmund
  7007 | D:6      | Found a staircase to the Ecumenical Temple.
  7016 | Temple   | Entered the Ecumenical Temple
  7042 | Temple   | Became a worshipper of Vehumet
  7087 | D:6      | Found a shattered altar of Ashenzari.
  7472 | D:6      | Noticed a troll
  7486 | D:6      | Killed a troll
  7626 | D:6      | Noticed Pikel
  7629 | D:6      | Killed Pikel
  7629 | D:6      | Reached XP level 9. HP: 45/45 MP: 6/23
  9060 | D:7      | Reached * piety under Vehumet
  9060 | D:7      | Offered knowledge of Shock by Vehumet.
  9169 | D:7      | Reached skill level 10 in Conjurations
  9413 | D:8      | Reached skill level 1 in Fighting
  9632 | D:8      | Found a hide-covered altar of Uskayaw.
 10098 | D:8      | Found a staircase to the Lair.
 10366 | D:9      | Noticed Erica
 10370 | D:9      | Killed Erica
 10370 | D:9      | Reached XP level 10. HP: 54/54 MP: 4/25
 10601 | D:9      | Found a sacrificial altar of Ru.
 10830 | D:10     | Entered Level 10 of the Dungeon
 10830 | D:10     | Noticed Erolcha
 10845 | D:9      | Reached skill level 10 in Spellcasting
 11515 | D:9      | Reached ** piety under Vehumet
 11515 | D:9      | Offered knowledge of Throw Frost by Vehumet.
 11974 | D:10     | Paralysed by a hornet for 3 turns
 12415 | D:10     | Noticed Gastronok
 12427 | D:10     | HP: 2/56 [Gastronok (33)]
 12428 | D:10     | Killed Gastronok
 12795 | D:10     | Found Noits's Antique Weapon Emporium.
 13184 | D:10     | Offered knowledge of Searing Ray by Vehumet.
 13418 | D:10     | Noticed Psyche
 13551 | D:10     | Killed Erolcha
 13551 | D:10     | Reached XP level 11. HP: 62/62 MP: 10/28
 13953 | D:10     | Killed an unseen horror
 13953 | D:10     | Reached skill level 10 in Fire Magic
 14213 | D:10     | Killed Psyche
 14513 | D:11     | Identified the Almanac of Fascination and Weightlessness
 14548 | D:11     | Found a staircase to the Orcish Mines.
 14573 | D:11     | Reached *** piety under Vehumet
 14891 | D:11     | Found a portal to a secret trove of treasure.
 15140 | D:11     | Reached skill level 5 in Fighting
 15296 | D:11     | Found a hide-covered altar of Uskayaw.
 15941 | Lair:1   | Entered Level 1 of the Lair of Beasts
 16503 | Lair:1   | Offered knowledge of Olgreb's Toxic Radiance by Vehumet.
 16700 | Lair:1   | Got a sparkling tin ring
 17290 | Lair:1   | HP: 2/64 [yak (11)]
 17291 | Lair:1   | Slain by a yak

Vault maps used:
D:1:      co_arrival_random_square_maze, roderic_serpentine_path,
          minmay_ruptured
D:2:      cheibrodos_greedy_goblins, grunt_ministairs_14
D:3:      first_ration, grunt_qazlal_sundering, uniq_sigmund
D:4:      grunt_dithmenos_shadows
D:5:      hangedman_glass_teeth
D:6:      black_bear_nest_2, minmay_temple_entry_poolview, basic_altar,
          nicolae_gozag_cash_rules_everything_around_me, uniq_pikel
D:8:      grunt_lair_entry_orc_guard_hut, basic_altar
D:9:      hangedman_little_slice_of_home, minmay_misc_feat_five,
          hangedman_ru_absence, uniq_erica
D:10:     serial_shops, nicolae_shop_trees, special_room, enter_bailey_8,
          uniq_erolcha, uniq_gastronok, uniq_psyche
D:11:     orc_0_dummy, basic_altar, enter_trove_1, lightli_minifort
Temple:   regret_index_temple_sigil_plot
Lair:1:   nicolae_lair_grove_arrangements, grunt_megastairs_5,
          infiniplex_staircase_pool_2
Lair:2:   minmay_shoals_entry_centaurs, minmay_snake_entry_guardpost_small,
          minmay_stone_trees_medium, grunt_megastairs_4

Skill      XL: |  1  2  3  4  5  6  7  8  9 10 11 |
---------------+----------------------------------+-----
Conjurations   | 2 3 4 5 7 9 10 11 12 | 12.2
Fire Magic     | 4 5 6 7 8 9 10 | 10.7
Spellcasting   | 4 5 6 8 9 11 12 | 12.2
Fighting       | 2 4 5 |  5.5
Dodging        | |  2.4
Stealth        | |  2.4

Action                   |  1- 3 |  4- 6 |  7- 9 | 10-12 || total
-------------------------+-------+-------+-------+-------++-------
Melee: Dagger            |    18 |     1 |       |       ||    19
       Staff             |       |       |    18 |    14 ||    32
Throw: Stone             |     3 |       |       |       ||     3
 Cast: Flame Tongue      |    70 |    64 |   126 |   162 ||   422
       Throw Flame       |    26 |    32 |    31 |    33 ||   122
       Conjure Flame     |       |     3 |     2 |     3 ||     8
       Sticky Flame      |       |     2 |    23 |    32 ||    57
       Fireball          |       |       |     9 |    44 ||    53
  Use: Scroll            |       |     9 |     1 |     9 ||    19
       Potion            |       |     1 |       |     2 ||     3
 Stab: Sleeping          |       |     1 |       |       ||     1
  Eat: Chunk             |     6 |     5 |    12 |    13 ||    36
       Ration            |       |     1 |     2 |     4 ||     7
Armor: Robe              |     9 |     4 |    17 |    46 ||    76
Dodge: Dodged            |    40 |     6 |    47 |    98 ||   191

Table legend:
 A = Spawn XP
 B = Non-spawn XP
 C = Spawn XP percentage of total XP
 D = Spawn monster count
 E = Non-spawn monster count
 F = Spawn count percentage of total count
 G = Total turns spent on level
                    A         B        C        D         E        F      G
               +---------+---------+-------+---------+---------+-------+---------
         Total |       0 |   17657 |   0.0 |       0 |     274 |   0.0 | 17291
               +---------+---------+-------+---------+---------+-------+---------
           D:1 |       0 |      30 |   0.0 |       0 |      18 |   0.0 |  1457
           D:2 |       0 |      83 |   0.0 |       0 |      36 |   0.0 |  1381
           D:3 |       0 |      42 |   0.0 |       0 |      20 |   0.0 |  1162
           D:4 |       0 |     629 |   0.0 |       0 |      24 |   0.0 |  1516
           D:5 |       0 |     426 |   0.0 |       0 |      17 |   0.0 |  1238
           D:6 |       0 |    1952 |   0.0 |       0 |      15 |   0.0 |  1492
           D:7 |       0 |     721 |   0.0 |       0 |      24 |   0.0 |  1058
           D:8 |       0 |     841 |   0.0 |       0 |       9 |   0.0 |   921
           D:9 |       0 |    1940 |   0.0 |       0 |      28 |   0.0 |  1762
          D:10 |       0 |    6010 |   0.0 |       0 |      46 |   0.0 |  2425
          D:11 |       0 |    2098 |   0.0 |       0 |      23 |   0.0 |  1482
        Lair:1 |       0 |    2483 |   0.0 |       0 |      12 |   0.0 |  1338
        Lair:2 |       0 |     402 |   0.0 |       0 |       2 |   0.0 |    12
               +---------+---------+-------+---------+---------+-------+---------
